 Dungeon Crawl Stone Soup version 0.27-a0-406-g23f261fbd2 (webtiles) character file.

Game seed: 7377445569045195740

4283 bobarctor the Thaumaturge (level 10, -5/50 HPs)
             Began as a Deep Elf Hedge Wizard on Feb 22, 2021.
             Was a Believer of Kikubaaqudgha.
             Killed from afar by a wight (21 damage)
             ... with an iceblast
             ... on level 8 of the Dungeon on Feb 23, 2021.
             The game lasted 01:37:36 (15040 turns).

bobarctor the Thaumaturge (Deep Elf Hedge Wizard)  Turns: 15040, Time: 01:37:36

Health: -5/50      AC:  3    Str:  7    XL:     10   Next: 10%
Magic:  25/29      EV: 12    Int: 23    God:    Kikubaaqudgha [**....]
Gold:   1391       SH:  0    Dex: 14    Spells: 17/35 levels left

rFire    . . .     SeeInvis .   s - +1 dagger (protect)
rCold    . . .     Faith    .   (no shield)
rNeg     . . .     Spirit   .   o - +0 leather armour {rPois}
rPois    +         Reflect  .   c - +0 hat
rElec    .         Harm     .   (no cloak)
rCorr    .         Rampage  .   (no gloves)
Will     +....                  (no boots)
Stlth    ++........             (no amulet)
HPRegen  0.16/turn              (no ring)
MPRegen  0.21/turn              (no ring)

@: no status effects
A: no striking features
a: Renounce Religion, Receive Corpses


You were on level 8 of the Dungeon.
You worshipped Kikubaaqudgha.
Kikubaaqudgha was pleased with you.
You visited 2 branches of the dungeon, and saw 9 of its levels.

You collected 1391 gold pieces.

Inventory:

Hand Weapons
 r - a +5 battleaxe
 s - a +1 dagger of protection (weapon)
 w - a +5 war axe of freezing
 B - a +0 dagger of draining
 C - a +3 hand axe of freezing
 E - a +5 scimitar
 G - a +4 vorpal falchion
Missiles
 a - 43 poisoned darts
 d - 166 arrows
 l - 32 bolts
 m - 8 javelins (quivered)
 F - 89 stones
Armour
 c - a +0 hat (worn)
 o - a +0 leather armour of poison resistance (worn)
 x - a +1 robe of positive energy
Wands
 b - a wand of flame (42)
 j - a wand of iceblast (5)
 n - a wand of polymorph (7)
 q - a wand of digging (5)
 t - a wand of paralysis (4)
 u - a wand of acid (13)
Scrolls
 h - 3 scrolls of teleportation
 v - a scroll of enchant weapon
 y - 2 scrolls of identify
Potions
 e - 2 potions of brilliance
 f - 2 potions of berserk rage
 g - 4 potions of curing
 i - 3 potions of haste
 k - a potion of resistance
 p - 6 potions of heal wounds
 z - a potion of magic {unknown}
 A - a potion of attraction {unknown}


   Skills:
 - Level 0.6 Throwing
 + Level 1.6 Armour
 + Level 3.4 Dodging
 + Level 4.3 Stealth
 * Level 13.2 Spellcasting
 + Level 6.7 Conjurations
 + Level 1.7 Summonings
 * Level 4.5 Necromancy
 + Level 2.3 Translocations
 + Level 1.6 Fire Magic
 + Level 3.7 Air Magic
 + Level 4.2 Poison Magic


You had 17 spell levels left.
You knew the following spells:

 Your Spells              Type           Power        Failure   Level
a - Magic Dart            Conj           100%         1%          1
b - Blink                 Tloc           N/A          3%          2
c - Mephitic Cloud        Conj/Pois/Air  37%          2%          3
d - Conjure Flame         Conj/Fire      34%          3%          3
e - Call Imp              Summ           23%          4%          2
f - Foxfire               Conj/Fire      100%         1%          1
g - Pain                  Necr           100%         1%          1
h - Vampiric Draining     Necr           18%          2%          3
i - Sublimation of Blood  Necr           18%          1%          2

Your spell library contained the following spells:

 Spells                   Type           Power        Failure   Level
 Corpse Rot               Necr/Air       N/A          1%          2
 Slow                     Hex            15%          9%          2
 Sticky Flame             Conj/Fire      34%          11%         4
 Inner Flame              Hex/Fire       19%          13%         3
 Fireball                 Conj/Fire      17%          28%         5


Dungeon Overview and Level Annotations

Branches:
Dungeon (8/15)             Temple (1/1) D:5
   Lair: D:8-11

Altars:
Ashenzari
Dithmenos
Fedhas
Gozag
Kikubaaqudgha
Makhleb
Nemelex Xobeh
Okawaru
Qazlal
Ru
Sif Muna
Trog
Uskayaw
Wu Jian
Xom
Yredelemnul
Zin
The Shining One


Message History

Your white imp dies!
Your crimson imp hits the wight but does no damage.
Your crimson imp hits the wight but does no damage.
Your magical contamination has completely faded away.
The wight hits your crimson imp with a +5 halberd.
Your shadow imp hits the wight but does no damage.
Your crimson imp closely misses the wight.
The wight hits your crimson imp with a +5 halberd.
Your shadow imp closely misses the wight.
Your crimson imp hits the wight.
The wight closely misses your crimson imp.
Your shadow imp barely misses the wight.
Your crimson imp hits the wight but does no damage.
The wight hits your crimson imp with a +5 halberd!
Your shadow imp hits the wight but does no damage.
Your crimson imp closely misses the wight.
Your shadow imp barely misses the wight.
The wight hits your crimson imp with a +5 halberd!
Your crimson imp dies!
Your shadow imp barely misses the wight.
The wight hits your shadow imp with a +5 halberd!
Your shadow imp hits the wight.
The wight closely misses your shadow imp.
Your shadow imp hits the wight but does no damage.
The wight hits your shadow imp with a +5 halberd!
Your shadow imp dies!
Casting: Call Imp (safe; 4% risk of failure)
Confirm with . or Enter, or press ? or * to list all spells.
You conjure some foxfire!
The foxfire hits the wight but does no damage.
The wight is severely damaged.
The wight zaps a wand.
The mass of ice explodes!
The iceblast engulfs you!
* * * LOW HITPOINT WARNING * * *
Your foxfire dissipates!
Casting: Foxfire (safe; 1% risk of failure)
Confirm with . or Enter, or press ? or * to list all spells.
You conjure some foxfire!
The wight zaps a wand.
The mass of ice explodes!
The iceblast engulfs you!!
You die...
Kikubaaqudgha rasps: "You have failed me!
Welcome... death!"

..#.....#...####[......###.<.##
....##.......###.......# ##<..#
....#.........#.......####....#
........####............#....z.#
.......###.................)#..#
.......# ...........##..##.##...#
........ #[..............#.# ...z
#....... .......v........#.#....z
#...............@#......##.......
...............v..............##.
.................................
....................z............
.............#.....##............
..........##.#..#..#..#..........
..........###...#..#..#..........
..........##.#...................
..........#........##.#..........


You could see a wight (ally target).

Vanquished Creatures
  Pikel (D:4)
  Sigmund (D:4)
  4 yaks (D:7)
  Duvessa (D:4)
  A hornet zombie (D:7)
  3 ice beasts
  2 sky beasts
  An eye of draining (D:7)
  A black bear (D:8)
  5 ogres
  A centaur (D:6)
  A phantom (D:4)
  Blork the orc (D:4)
  2 lemures
  5 bullfrogs
  A scorpion (D:6)
  Dowan (D:4)
  3 killer bees (D:7)
  11 wights
  A howler monkey (D:5)
  3 hounds
  A jelly (D:7)
  2 orc priests
  A centaur skeleton (D:5)
  An iguana (D:7)
  6 orc wizards
  5 worker ants
  2 hound zombies (D:8)
  A hound skeleton (D:4)
  4 adders
  A howler monkey skeleton (D:4)
  2 white imps
  2 ufetubi
  An adder zombie (D:6)
  An adder skeleton (D:6)
  3 worms
  A dart slug (D:2)
  7 leopard geckos
  20 orcs
  5 giant cockroaches
  8 hobgoblins
  9 jackals
  3 quokkas
  2 ball pythons
  6 bats
  7 frilled lizards
  8 goblins
  3 kobolds
  2 quokka skeletons
  A quokka zombie (D:6)
  5 rats
170 creatures vanquished.

Vanquished Creatures (collateral kills)
  A wight (D:8)
  An orc priest (D:7)
  An orc (D:7)
3 creatures vanquished.

Vanquished Creatures (others)
  A phantom (D:5)
  A scorpion (D:5)
  An iguana (D:5)
  79 foxfires
  5 plants (D:5)
87 creatures vanquished.

Grand Total: 260 creatures vanquished

Notes
Turn   | Place    | Note
-------+----------+-------------------------------------------
     0 | D:1      | bobarctor the Deep Elf Hedge Wizard began the quest for the
                  | Orb.
     0 | D:1      | Reached XP level 1. HP: 10/10 MP: 7/7
     1 | D:1      | Noticed a minotaur
    11 | D:1      | Noticed a merfolk zombie
    13 | D:1      | Noticed a dwarf
    17 | D:1      | Noticed a vampire
    17 | D:1      | Noticed a centaur
    17 | D:1      | Noticed an elf
    19 | D:1      | Noticed a centaur
   277 | D:1      | Reached skill level 5 in Spellcasting
   340 | D:1      | Reached XP level 2. HP: 13/15 MP: 1/10
  1316 | D:2      | Reached XP level 3. HP: 17/19 MP: 3/12
  1381 | D:2      | Learned a level 2 spell: Blink
  1385 | D:2      | Learned a level 3 spell: Mephitic Cloud
  1389 | D:2      | Learned a level 3 spell: Conjure Flame
  1392 | D:2      | Learned a level 2 spell: Call Imp
  2370 | D:2      | Reached skill level 6 in Spellcasting
  2978 | D:3      | Reached XP level 4. HP: 17/24 MP: 1/14
  3169 | D:3      | Learned a level 1 spell: Foxfire
  3194 | D:3      | Noticed an ogre
  3210 | D:3      | Killed an ogre
  3211 | D:3      | Reached skill level 1 in Air Magic
  3211 | D:3      | Reached skill level 1 in Poison Magic
  3211 | D:3      | Reached XP level 5. HP: 28/28 MP: 1/16
  3875 | D:4      | Reached skill level 7 in Spellcasting
  4041 | D:4      | Noticed Duvessa
  4044 | D:4      | Noticed Dowan
  4274 | D:4      | Killed Dowan
  4275 | D:4      | Reached XP level 6. HP: 32/32 MP: 5/18
  4326 | D:4      | Killed Duvessa
  4695 | D:4      | Reached skill level 8 in Spellcasting
  5271 | D:4      | Noticed Pikel
  5291 | D:4      | Killed Pikel
  5292 | D:4      | Reached skill level 9 in Spellcasting
  5292 | D:4      | Reached XP level 7. HP: 24/36 MP: 2/21
  5498 | D:4      | Noticed Blork the orc
  5509 | D:4      | Noticed Sigmund
  5560 | D:4      | Killed Sigmund
  5561 | D:4      | Reached XP level 8. HP: 32/41 MP: 7/23
  5619 | D:4      | Killed Blork the orc
  6251 | D:4      | Reached skill level 1 in Fire Magic
  6489 | D:4      | Reached skill level 10 in Spellcasting
  6725 | D:5      | Entered Level 5 of the Dungeon
  7678 | D:5      | Found a staircase to the Ecumenical Temple.
  7684 | Temple   | Entered the Ecumenical Temple
  7738 | Temple   | Became a worshipper of Kikubaaqudgha
  8663 | D:6      | Reached skill level 11 in Spellcasting
  8830 | D:6      | Reached skill level 1 in Necromancy
  9048 | D:6      | Found a basalt altar of Yredelemnul.
  9570 | D:6      | Found a shimmering altar of Xom.
  9739 | D:6      | Reached XP level 9. HP: 45/45 MP: 20/26
  9758 | D:6      | Reached skill level 5 in Conjurations
 10179 | D:7      | Reached skill level 1 in Armour
 10193 | D:7      | Reached * piety under Kikubaaqudgha
 10193 | D:7      | Identified Kikubaaqudgha's Disquisition on Necromancy
                  | (Kikubaaqudgha gifted it to you on level 7 of the Dungeon)
 10193 | D:7      | Received a gift from Kikubaaqudgha
 10209 | D:7      | Reached skill level 12 in Spellcasting
 10340 | D:7      | Learned a level 1 spell: Pain
 10344 | D:7      | Learned a level 3 spell: Vampiric Draining
 10347 | D:7      | Learned a level 2 spell: Sublimation of Blood
 12447 | D:8      | Identified a scroll of acquirement
 12447 | D:8      | Acquired 959 gold pieces
 13123 | D:7      | Reached skill level 13 in Spellcasting
 13651 | D:8      | Reached XP level 10. HP: 42/50 MP: 18/29
 13986 | D:8      | Reached ** piety under Kikubaaqudgha
 15040 | D:8      | Killed from afar by a wight

Illustrated notes

Levels and vault maps discovered:
D:1:      shiori_arrival_whats_in_store_for_you, layout_rooms
D:2:      layout_basic, minmay_distorted
D:3:      layout_basic, serial_glass, glass_columns_c, glass_columns_b,
          glass_columns_b, glass_columns_a, minmay_vboxes
D:4:      layout_layer_cave, hangedman_decor_opposing, uniq_pikel, uniq_sigmund,
          uniq_duvessa, uniq_blork_the_orc
D:5:      layout_basic, minmay_temple_entry_waves, chequers_big_river,
          lemuel_flamethrower_2
D:6:      layout_basic, kennysheep_little_box, basic_altar,
          serial_co_window_serial, co_window_of_opportunity_a,
          co_window_paths_b, co_window_paths_b, co_window_of_opportunity_a,
          co_window_corner_a, co_window_2corner, co_window_corner_b,
          co_window_unsneaky_path_b, co_window_paths_d, glass_columns_b,
          glass_columns_a, glass_columns_a, grunt_decor_junction, minivault_19
D:7:      layout_basic
D:8:      layout_cave_pools
Temple:   compressed_dpeg_triangle_lava_temple

Skill      XL: |  1  2  3  4  5  6  7  8  9 |
---------------+----------------------------+-----
Spellcasting   | 5 6 7 9 11 13 | 13.2
Stealth        | 3 4 |  4.3
Air Magic      | 1 2 3 |  3.7
Poison Magic   | 1 2 3 4 |  4.2
Conjurations   | 2 3 4 6 |  6.7
Fire Magic     | 1 |  1.6
Dodging        | 3 |  3.4
Necromancy     | 1 4 |  4.5
Armour         | 1 |  1.6
Translocations | 2 |  2.3
Throwing       | |  0.6
Summonings     | |  1.7

Action                   |  1- 3 |  4- 6 |  7- 9 | 10-12 || total
-------------------------+-------+-------+-------+-------++-------
Melee: Dagger            |     9 |    47 |    45 |    38 ||   139
Throw: Javelin           |       |    11 |       |       ||    11
 Cast: Magic Dart        |   138 |    99 |   243 |    56 ||   536
       Mephitic Cloud    |     3 |    15 |    34 |     5 ||    57
       Conjure Flame     |       |     8 |    21 |     6 ||    35
       Foxfire           |       |     9 |    32 |     6 ||    47
       Blink             |       |     3 |    20 |    10 ||    33
       Pain              |       |       |    51 |    19 ||    70
       Call Imp          |       |       |     9 |     6 ||    15
  Use: Scroll            |       |       |    15 |       ||    15
 Stab: Confused          |     2 |     4 |     3 |       ||     9
       Distracted        |       |       |     1 |       ||     1
Armor: Robe              |     6 |     8 |     7 |       ||    21
       Leather armour    |       |       |     3 |    22 ||    25
Dodge: Dodged            |    17 |    27 |    55 |    54 ||   153

Table legend: (Time is in decaauts)
 A = Elapsed time spent in this place.
 B = Non-inter-level travel time spent in this place.
 C = Inter-level travel time spent in this place.
 D = Time resting spent in this place.
 E = Time spent auto-exploring this place.
 F = Levels seen in this place.
 G = Mean time per level.
                   A        B        C        D        E       F      G
               +--------+--------+--------+--------+--------+-----+--------+
         Total |  15085 |  14177 |    908 |   6353 |   5256 |   9 | 1676.1 |
       Dungeon |  15006 |  14106 |    900 |   6353 |   5210 |   8 | 1875.8 |
        Temple |     79 |     71 |      8 |      0 |     46 |   1 |   79.0 |
               +--------+--------+--------+--------+--------+-----+--------+

Top non-repeatable levels by time:
     D:7: 3389 daAuts
     D:4: 3091 daAuts
     D:2: 1853 daAuts
     D:6: 1561 daAuts
     D:5: 1407 daAuts
     D:3: 1392 daAuts
     D:8: 1307 daAuts
     D:1: 1002 daAuts
  Temple: 79 daAuts
